 Dungeon Crawl Stone Soup version 0.30-a0-857-gcaf70739d4 (webtiles) character file.

Game seed: 9231649283950005654

6083 Lavandula the Thaumaturge (level 10, -11/43 HPs)
             Began as a Felid Hedge Wizard on Mar 4, 2023.
             Was a Priest of Kikubaaqudgha.
             Mangled by a yak (15 damage)
             ... on level 1 of the Lair of Beasts on Mar 5, 2023.
             The game lasted 01:07:15 (16403 turns).

Lavandula the Thaumaturge (Felid Hedge Wizard)     Turns: 16403, Time: 01:07:16

Health: -11/43     AC:  3    Str:  6    XL:     10   Next: 58%
Magic:  20/26      EV: 18    Int: 20    God:    Kikubaaqudgha [***...]
Gold:   597        SH:  0    Dex: 16    Spells: 0/31 levels left
                                        Lives:  0   Deaths: 2

rFire   . . .      SeeInvis +      - Unarmed
rCold   + . .      Faith    .    (shield unavailable)
rNeg    + . .      Spirit   .    (body armour unavailable)
rPois   +          Reflect  .    (helmet unavailable)
rElec   .          Rampage  .    (cloak unavailable)
rCorr   .                        (gloves unavailable)
Will    +....                    (boots unavailable)
Stlth   +++                      j - amulet of magic regeneration
HPRegen 0.27/turn                n - ring of positive energy
MPRegen 0.60/turn                y - ring of poison resistance

@: death channelling, quick
A: very small, claws 1, fangs 3, see invisible, speed 1, shaggy fur 3, stealthy
paws, no weapons or thrown items, no armour, multi-lived
a: Renounce Religion, Unearth Wretches


You were on level 1 of the Lair of Beasts.
You worshipped Kikubaaqudgha.
Kikubaaqudgha was most pleased with you.
You visited 3 branches of the dungeon, and saw 15 of its levels.

You collected 681 gold pieces.
You spent 84 gold pieces at shops.

Inventory:

Jewellery
 e - an amulet of faith
 j - an amulet of magic regeneration (around neck)
 n - a ring of positive energy (left paw)
 u - a ring of protection from cold
 y - a ring of poison resistance (right paw)
Wands
 t - a wand of flame (5)
 w - a wand of light (3)
 B - a wand of digging (7)
Scrolls
 a - 2 scrolls of poison {unknown}
 c - a scroll of amnesia {unknown}
 d - a scroll of noise {unknown}
 h - 3 scrolls of vulnerability
 i - 3 scrolls of teleportation
 k - a scroll of torment {unknown}
 l - a scroll of butterflies {unknown}
 m - 2 scrolls of silence {unknown}
 q - a scroll of blinking
 v - 2 scrolls of magic mapping
Potions
 b - 2 potions of attraction {unknown}
 f - 3 potions of heal wounds
 g - 2 potions of invisibility
 o - 2 potions of haste
 p - a potion of experience {unknown}
 s - 2 potions of mutation {unknown}
 x - a potion of resistance {unknown}
 z - 2 potions of might {unknown}
 A - 3 potions of curing
 C - a potion of brilliance {unknown}
 D - a potion of lignification


   Skills:
 - Level 4.3 Fighting
 - Level 4.1 Dodging
 - Level 5.3 Stealth
 - Level 3.3 Unarmed Combat
 - Level 11.0 Spellcasting
 - Level 4.1 Conjurations
 - Level 2.8 Hexes
 - Level 1.0 Summonings
 - Level 10.3 Necromancy
 - Level 4.6 Translocations
 + Level 6.4 Ice Magic
 - Level 5.0 Air Magic
 - Level 2.8 Poison Magic
 - Level 3.5 Evocations


You couldn't memorise any spells.
You knew the following spells:

 Your Spells              Type           Power      Damage    Failure   Level
a - Magic Dart            Conj           100%       1d8       1%          1
b - Call Imp              Summ           15%        N/A       6%          2
c - Blink                 Tloc           58%        N/A       1%          2
d - Mephitic Cloud        Conj/Pois/Air  27%        N/A       3%          3
e - Cigotuvi's Dreadful   Necr/Pois/Air  70%        N/A       1%          2
f - Momentum Strike       Conj/Tloc      56%        3d9       1%          2
g - Necrotise             Necr           100%       1d9       1%          1
h - Kiss of Death         Conj/Necr      100%       2d13      1%          1
i - Ensorcelled Hibernat  Hex/Ice        58%        N/A       1%          2
j - Death Channel         Necr           25%        N/A       14%         6
k - Dispel Undead         Necr           51%        3d19      1%          4
l - Simulacrum            Ice/Necr       22%        N/A       30%         6

Your spell library contained the following spells:

 Spells                   Type           Power      Damage    Failure   Level
 Slow                     Hex            88%        N/A       1%          1
 Lesser Beckoning         Tloc           58%        N/A       1%          2
 Sublimation of Blood     Necr           51%        N/A       1%          2
 Hailstorm                Conj/Ice       32%        3d8       2%          3
 Swiftness                Air            31%        N/A       2%          3
 Agony                    Necr           51%        N/A       2%          5
 Passwall                 Tmut/Erth      9%         N/A       10%         2
 Orb of Destruction       Conj           13%        9d7       100%        7
 Ignition                 Fire           5%         3d4       100%        8


Dungeon Overview and Level Annotations

Branches:
Dungeon (13/15)            Temple (1/1) D:4            Lair (1/5) D:11
    Orc: D:9-12      Vaults: D:13-14

Altars:
Ashenzari
Cheibriados
Dithmenos
Elyvilon
Fedhas
Gozag
Hepliaklqana
Kikubaaqudgha
Makhleb
Nemelex Xobeh
Okawaru
Qazlal
Ru
Sif Muna
Trog
Uskayaw
Vehumet
Wu Jian
Xom
Yredelemnul
Zin
The Shining One
Lugonu

Shops:
D:5 *   D:6 [

Portals:
Abyss: D:3

Annotations:
D:3 2 runed translucent doors, Grinder, Natasha
D:5 Blork the orc


Innate Abilities, Weirdness & Mutations

You have sharp claws.
You have razor-sharp teeth.
You have supernaturally acute eyesight. (SInv)
You cover ground quickly. (Speed+)
Your thick and shaggy fur keeps you warm. (AC +3, rC+)
Your paws help you pounce on unaware monsters.
You are incapable of wielding weapons or throwing items.
You cannot wear armour.
You gain extra lives every three experience levels.


Message History

The stinking cloud engulfs the yak but does no damage. x2
The stinking cloud engulfs you but does no damage.
The stinking cloud engulfs your spectral yak but does no damage.
The stinking cloud engulfs your crimson imp but does no damage.
You hear a croak.
The yak closely misses you.
The yak gores the yak!
The yak gores itself.
The yak is engulfed in noxious fumes.
The yak appears confused.
The yak gores the yak!
The yak is engulfed in noxious fumes.
The yak gores you!
Your spectral yak gores the yak.
Your crimson imp blinks!
There are monsters nearby!
Unknown command.
You scratch the yak but do no damage.
The yak is moderately wounded.
The yak is engulfed in noxious fumes.
The yak appears confused.
The yak barely misses the yak.
The yak misses you.
The yak is engulfed in noxious fumes.
The yak appears confused.
The yak barely misses the yak.
You scratch the yak but do no damage.
The yak is moderately wounded.
Your spectral yak gores the yak!
The yak is engulfed in noxious fumes.
The yak appears confused.
The yak misses you.
The yak is engulfed in noxious fumes.
The yak gores the yak!
You scratch the yak but do no damage. Your bite misses the yak.
The yak is almost dead.
Your spectral yak gores the yak but does no damage.
The yak is engulfed in noxious fumes. x2; The yak appears confused.
The yak closely misses you.
The yak gores the yak.
The yak is engulfed in noxious fumes.
The yak appears confused.
The yak gores the yak but does no damage.
You scratch the yak but do no damage.
The yak is moderately wounded.
You scratch the yak.
The yak is heavily wounded.
The yak seems less confused.
The yak gores you! x2
* * * LOW HITPOINT WARNING * * *
Your spectral yak gores the yak.
The yak gores you!
You die...
Kikubaaqudgha rasps: "You have failed me!
Welcome... death!"

...................##..#.........
.##................##..#.........
.##................#P..#........#
...........#.....####...........#
...~~~~~.........#.....#.........
...~≈≈#~....#.........F..####....
...~≈~~≈...###...##......P##...YY
##.........##....###......~~....#
.##..###.##.##.Y@##....Y.~~~#...#
.###.##### ###..°........#~~§....
......# #Y†Z5.......#~~#....
.....## #YY.Y.#......####....
.#.#.###### #Y###$#.......###.##.
###........... .#...#..####.# # #
#.......~~~~ .......!####D#
#.......~♣♣~ #.......###†.#
#........~ ......†###.†#


You could see 6 yaks, a friendly spectral yak and a friendly crimson imp
(summoned).

Vanquished Creatures
  A centaur warrior (D:13)
  A skeletal warrior (D:10)
  Pikel (D:5)
  An ugly thing (D:11)
  A cane toad (Lair:1)
  2 unseen horrors
  2 komodo dragons
  3 trolls
  Prince Ribbit (D:9)
  A centaur simulacrum (D:11)
  A wyvern (D:8)
  A vampire (D:10)
  5 humans (D:13)
  19 yaks
  5 vampire mosquitoes
  Menkaure (D:6)
  5 water moccasins
  4 orc warriors
  2 sky beasts
  2 wolves (Lair:1)
  2 ice beasts
  5 centaurs
  2 phantoms
  A lemure (D:5)
  2 kobold brigands
  2 gnoll sergeants (D:9)
  3 scorpions
  A bullfrog (D:7)
  9 killer bees (D:7)
  3 electric eels (D:8)
  7 howler monkeys
  2 hounds
  2 jellies
  4 orc priests
  A gnoll bouda (D:5)
  Jessica (D:2)
  A sleepcap (D:5)
  3 iguanas (D:5)
  6 orc wizards
  2 hell rats (Lair:1)
  7 adders
  11 gnolls
  2 shadow imps
  2 white imps (D:5)
  2 ufetubi
  A worm (D:4)
  4 dart slugs (D:1)
  18 orcs
  6 ball pythons
  6 endoplasms
  2 giant cockroaches
  5 goblins
  3 hobgoblins
  4 quokkas
  7 bats
  2 frilled lizards
  13 kobolds
  4 rats
217 creatures vanquished.

Vanquished Creatures (collateral kills)
  A hydra (D:13)
  A vault guard (D:13)
  A two-headed ogre (D:10)
  A centaur warrior (D:13)
  A tengu warrior (D:13)
  Amaemon (D:11)
  A deep elf pyromancer (D:13)
  An orange demon (D:11)
  A komodo dragon (D:11)
  A troll (D:12)
  A slime creature (D:12)
  3 yaks
  A human (D:13)
  3 basilisks
  A steam dragon (Lair:1)
  An acid dragon (D:12)
  A water moccasin (Lair:1)
  9 wolves (Lair:1)
  A phantom (D:4)
  4 centaurs
  2 bullfrogs (Lair:1)
  3 scorpions
  A killer bee (D:7)
  2 hounds
  2 orc priests
  A sleepcap (D:4)
  2 iguanas
  An orc wizard (D:12)
  3 hell rats (Lair:1)
  7 gnolls
  An adder (D:2)
  A worm (D:2)
  7 orcs
  A giant cockroach (D:3)
  2 goblins
  A frilled lizard (D:2)
  2 kobolds
  A rat (D:3)
75 creatures vanquished.

Vanquished Creatures (others)
  A vault guard (D:13)
  A hydra (D:13)
  A centaur warrior (D:13)
  A boulder beetle (D:11)
  A human (D:13)
  A gnoll sergeant (D:13)
  An electric eel (D:12)
  A kobold (D:13)
  4 fungi (Lair:1)
  55 plants
67 creatures vanquished.

Grand Total: 359 creatures vanquished

Notes
Turn   | Place    | Note
-------+----------+-------------------------------------------
     0 | D:1      | Lavandula the Felid Hedge Wizard began the quest for the
                  | Orb.
     0 | D:1      | Reached XP level 1. HP: 7/7 MP: 5/5
   379 | D:1      | Reached XP level 2. HP: 11/11 MP: 5/7
   480 | D:1      | Learned a level 2 spell: Call Imp
   483 | D:1      | Learned a level 2 spell: Blink
  1035 | D:1      | Reached skill level 4 in Spellcasting
  1035 | D:1      | Reached XP level 3. HP: 14/14 MP: 6/9
  1554 | D:1      | Reached skill level 1 in Unarmed Combat
  1752 | D:2      | Reached skill level 1 in Fighting
  2046 | D:2      | Noticed Jessica
  2055 | D:2      | Killed Jessica
  2056 | D:2      | Reached XP level 4. HP: 19/19 MP: 3/11
  2190 | D:1      | Learned a level 3 spell: Mephitic Cloud
  2450 | D:2      | Learned a level 2 spell: Cigotuvi's Dreadful Rot
  2740 | D:3      | Noticed a scorpion
  2792 | D:3      | Killed a scorpion
  2793 | D:3      | Reached skill level 1 in Poison Magic
  2793 | D:3      | Reached XP level 5. HP: 17/22 MP: 1/12
  3000 | D:3      | Noticed Grinder
  3038 | D:4      | Noticed a phantom
  3090 | D:3      | Found a shadowy altar of Dithmenos.
  3389 | D:3      | Noticed Natasha
  3452 | D:3      | Found a large runed translucent door.
  3452 | D:3      | Found a large runed translucent door.
  3452 | D:3      | Found a corrupted altar of Lugonu.
  3507 | D:3      | Gained mutation: You are covered in thick fur. (AC +2)
                  | [Felid growth]
  3507 | D:3      | Reached XP level 6. HP: 13/25 MP: 3/13
  3607 | D:3      | Found a one-way gate to the infinite horrors of the Abyss.
  3877 | D:3      | Reached skill level 1 in Conjurations
  4023 | D:4      | Learned a level 2 spell: Momentum Strike
  4379 | D:4      | Found a staircase to the Ecumenical Temple.
  4477 | Temple   | Entered the Ecumenical Temple
  4769 | Temple   | Became a worshipper of Kikubaaqudgha
  4876 | D:4      | Found a glowing golden altar of the Shining One.
  4890 | D:4      | Reached XP level 7. HP: 28/28 MP: 7/14
  5179 | D:5      | Entered Level 5 of the Dungeon
  5249 | D:5      | Found a blossoming altar of Fedhas.
  5269 | D:5      | Reached skill level 1 in Necromancy
  5432 | D:5      | Found Anor's Assorted Antiques.
  5438 | D:5      | Bought a scroll labelled NIUGUA SOPPAN for 28 gold pieces
  5438 | D:5      | Bought a scroll labelled EDWUYCH VOTT for 28 gold pieces
  5438 | D:5      | Bought a scroll labelled YTIGOJ MI JAE for 28 gold pieces
  6024 | D:5      | Identified the +5 scale mail of Ceimoaz {Int+3 Dex+3}
  6144 | D:5      | Noticed Pikel
  6166 | D:5      | Killed Pikel
  6167 | D:5      | Reached skill level 6 in Spellcasting
  6167 | D:5      | Reached XP level 8. HP: 15/34 MP: 3/18
  6298 | D:5      | Found a hazy altar of Hepliaklqana.
  6404 | D:5      | Reached * piety under Kikubaaqudgha
  6404 | D:5      | Received a gift from Kikubaaqudgha
  6730 | D:5      | Learned a level 1 spell: Necrotise
  6732 | D:5      | Learned a level 1 spell: Kiss of Death
  6807 | D:5      | Found a shimmering altar of Xom.
  7170 | D:5      | Noticed Blork the orc
  7317 | D:6      | Noticed Menkaure
  7326 | D:6      | Killed Menkaure
  7359 | D:6      | Found Rurropea's Armour Emporium.
  7479 | D:6      | Reached skill level 1 in Evocations
  7899 | D:6      | Reached XP level 9. HP: 33/35 MP: 13/19
  8258 | D:7      | Reached ** piety under Kikubaaqudgha
  8425 | D:7      | Found a shimmering blue altar of Sif Muna.
  8626 | D:7      | Reached skill level 5 in Necromancy
  8636 | D:7      | You fall into a shaft and drop 2 floors!
  8844 | D:9      | Reached skill level 1 in Air Magic
  9505 | D:9      | Found a radiant altar of Vehumet.
  9548 | D:9      | Reached skill level 5 in Air Magic
  9704 | D:9      | Noticed Prince Ribbit
  9718 | D:9      | Killed Prince Ribbit
  9915 | D:9      | Learned a level 2 spell: Ensorcelled Hibernation
  9972 | D:9      | Noticed a troll
  9987 | D:9      | Killed a troll
  9988 | D:9      | Reached XP level 10. HP: 22/38 MP: 2/20
 10126 | D:9      | Found a broken altar of Ashenzari.
 10425 | D:8      | Reached skill level 5 in Stealth
 10430 | D:8      | Reached *** piety under Kikubaaqudgha
 10430 | D:8      | Received a gift from Kikubaaqudgha
 10438 | D:8      | Learned a level 6 spell: Death Channel
 10660 | D:8      | Found a hide-covered altar of Uskayaw.
 10826 | D:8      | Found a bloodstained altar of Trog.
 12034 | D:10     | Entered Level 10 of the Dungeon
 12640 | D:10     | Noticed a two-headed ogre
 12664 | D:10     | Killed a two-headed ogre
 12665 | D:10     | Reached skill level 10 in Necromancy
 12665 | D:10     | Reached XP level 11. HP: 46/46 MP: 10/21
 12709 | D:10     | Noticed a skeletal warrior
 12817 | D:10     | Noticed a skeletal warrior
 12936 | D:10     | Reached **** piety under Kikubaaqudgha
 13046 | D:11     | Found a staircase to the Lair.
 13051 | D:11     | Reached skill level 7 in Spellcasting
 13072 | D:11     | Noticed Amaemon
 13096 | D:11     | Killed Amaemon
 13098 | D:11     | Reached skill level 8 in Spellcasting
 13218 | D:11     | Learned a level 4 spell: Dispel Undead
 13420 | D:11     | Noticed a green ugly thing
 13445 | D:11     | Killed a green ugly thing
 13522 | D:11     | You fall into a shaft and drop 2 floors!
 13569 | D:13     | Noticed a seven-headed hydra
 13569 | D:13     | Noticed a tengu warrior
 13570 | D:13     | Noticed a deep elf pyromancer
 13572 | D:13     | Noticed a centaur warrior
 13581 | D:13     | Killed a deep elf pyromancer
 13582 | D:13     | Reached skill level 9 in Spellcasting
 13585 | D:13     | Killed a centaur warrior
 13595 | D:13     | Killed a seven-headed hydra
 13597 | D:13     | Killed a tengu warrior
 13734 | D:13     | Noticed a vault guard
 13734 | D:13     | Noticed a vault guard
 13762 | D:13     | Reached skill level 10 in Spellcasting
 13771 | D:13     | Killed a vault guard
 13786 | D:13     | Killed a vault guard
 14232 | D:13     | Noticed a boulder beetle
 14520 | D:12     | Reached skill level 11 in Spellcasting
 14541 | D:12     | Learned a level 6 spell: Simulacrum
 14691 | D:12     | Reached skill level 1 in Ice Magic
 14998 | D:11     | Got Reydosch's Annotations on the Bright Summer
 15072 | D:11     | Noticed a two-headed ogre
 15233 | D:11     | Gained mutation: Your thick and shaggy fur keeps you warm.
                  | (AC +3, rC+) [Felid growth]
 15233 | D:11     | Reached XP level 12. HP: 49/50 MP: 9/28
 15513 | D:11     | Slain by a manticore
 15514 | D:11     | Reached XP level 11. HP: 0/46 MP: 24/27
 15843 | D:10     | Noticed a skeletal warrior
 15846 | D:10     | Killed a skeletal warrior
 16112 | Lair:1   | Entered Level 1 of the Lair of Beasts
 16166 | Lair:1   | Reached skill level 5 in Ice Magic
 16236 | Lair:1   | Slain by a cane toad
 16237 | Lair:1   | Reached XP level 10. HP: -2/42 MP: 19/26
 16248 | Lair:1   | Noticed a cane toad
 16250 | Lair:1   | Noticed a cane toad
 16292 | Lair:1   | Killed a cane toad
 16403 | Lair:1   | Mangled by a yak

Illustrated notes

Levels and vault maps discovered:
D:1:      eino_arrival_cavern_a, layout_loops_ring, minmay_misc_feat_x
D:2:      layout_rooms, amcnicky_mini_pool_small, uniq_jessica
D:3:      due_chaos_kobolds, layout_loops_ring, grunt_dithmenos_smoke,
          grunt_ministairs_15, uniq_grinder, uniq_natasha
D:4:      layout_gridville, nicolae_tso_carved_into_rock,
          minmay_temple_entry_nine_rooms, nicolae_zen_rock_garden
D:5:      layout_cave_pods, kennysheep_mini_moat, mainiacjoe_overflow_24_doors,
          fedhas_altar_2, serial_shops, nicolae_shop_trees, uniq_blork_the_orc,
          uniq_pikel
D:6:      layout_loops_cross, serial_shops, shop_fountains, uniq_menkaure
D:7:      layout_basic, nicolae_sif_muna_little_library, grunt_ministairs_10,
          nicolae_elevator_lobby_plus
D:8:      layout_rooms, nicolae_overflow_squiral
D:9:      layout_irregular_city, ashenzari_conservatory_becter,
          mainiacjoe_overflow_alcove_4, minmay_quadrilaterals,
          uniq_prince_ribbit1
D:10:     layout_long_grid
D:11:     layout_roguey, david_lair_shrubbed, uniq_amaemon
D:12:     layout_roguey, david_orc_4, serial_rivers,
          chequers_serial_rivers_micro_d, chequers_serial_rivers_small_3,
          chequers_serial_rivers_small_a, chequers_serial_rivers_micro_b,
          chequers_serial_rivers_micro_b, amcnicky_mini_pool_medium
D:13:     layout_roguey, ximxim_vaults_locker_room
Temple:   nicolae_temple_ecumenical_triangle
Lair:1:   minmay_lair_oklob_chamber, layout_gridlike,
          nicolae_lair_grazing_beasts [nicolae_sub_lair_graze_edge,
          nicolae_sub_lair_graze_edge, nicolae_sub_lair_graze_edge,
          nicolae_sub_lair_graze_edge], grunt_megastairs_2, lemuel_fruit_tree

Skill      XL: |  1  2  3  4  5  6  7  8  9 10 11 12 |
---------------+-------------------------------------+-----
Spellcasting   | 4 6 11 | 11.0
Unarmed Combat | 1 3 |  3.3
Fighting       | 1 2 4 |  4.3
Dodging        | 4 |  4.1
Poison Magic   | 1 2 |  2.8
Stealth        | 3 5 |  5.3
Conjurations   | 2 4 |  4.1
Translocations | 4 |  4.6
Necromancy     | 3 5 10 | 10.3
Evocations     | 3 |  3.5
Air Magic      | 5 |  5.0
Hexes          | 2 |  2.8
Ice Magic      | 6 5 3 |  6.4
Summonings     | |  1.0

Action                     |  1- 3 |  4- 6 |  7- 9 | 10-12 || total
---------------------------+-------+-------+-------+-------++-------
  Melee: Unarmed           |    20 |    61 |   125 |   270 ||   476
         Bite              |     3 |     7 |    11 |    46 ||    67
         Punch             |     2 |       |     2 |     7 ||    11
   Cast: Magic Dart        |   107 |   104 |    70 |     5 ||   286
         Call Imp          |     4 |    28 |    50 |    32 ||   114
         Mephitic Cloud    |       |     8 |    25 |    55 ||    88
         Blink             |       |     6 |     9 |    12 ||    27
         Momentum Strike   |       |     6 |    66 |    34 ||   106
         Necrotise         |       |       |    23 |     8 ||    31
         Kiss of Death     |       |       |     5 |     1 ||     6
         Ensorcelled Hiber |       |       |     2 |    25 ||    27
         Death Channel     |       |       |       |    20 ||    20
         Simulacrum        |       |       |       |     2 ||     2
         Dispel Undead     |       |       |       |     7 ||     7
 Invoke: Unearth Wretches  |       |       |       |     4 ||     4
  Evoke: Wand              |       |       |       |    21 ||    21
    Use: Potion            |       |     2 |     5 |     4 ||    11
         Scroll            |       |       |     7 |     5 ||    12
   Stab: Sleeping          |     1 |       |       |    11 ||    12
         Confused          |       |     3 |    15 |    35 ||    53
         Invisible         |       |     2 |       |     7 ||     9
         Distracted        |       |       |     1 |       ||     1
         Paralysed         |       |       |       |     8 ||     8
 Armour: Skin              |     5 |     3 |    25 |    19 ||    52
  Dodge: Dodged            |    37 |    92 |   137 |   240 ||   506

Table legend: (Time is in decaauts)
 A = Elapsed time spent in this place.
 B = Non-inter-level travel time spent in this place.
 C = Inter-level travel time spent in this place.
 D = Time resting spent in this place.
 E = Time spent auto-exploring this place.
 F = Levels seen in this place.
 G = Mean time per level.
                   A        B        C        D        E       F      G
               +--------+--------+--------+--------+--------+-----+--------+
         Total |  14843 |  14386 |    457 |   3067 |   7667 |  15 |  989.5 |
       Dungeon |  14521 |  14085 |    436 |   3059 |   7595 |  13 | 1117.0 |
        Temple |     56 |     36 |     20 |      0 |     24 |   1 |   56.0 |
          Lair |    264 |    264 |      0 |      8 |     48 |   1 |  264.0 |
               +--------+--------+--------+--------+--------+-----+--------+

Top non-repeatable levels by time:
     D:9: 1654 daAuts
     D:1: 1637 daAuts
     D:5: 1609 daAuts
     D:4: 1250 daAuts
     D:3: 1167 daAuts
     D:7: 1134 daAuts
    D:11: 1132 daAuts
    D:10: 1118 daAuts
     D:6: 931 daAuts
     D:2: 805 daAuts
     D:8: 750 daAuts
    D:13: 732 daAuts
    D:12: 596 daAuts
  Lair:1: 264 daAuts
  Temple: 56 daAuts
